 Dungeon Crawl Stone Soup version 0.18-a0-33-g9e10395 (webtiles) character file.

292932 Ijustatesigmund the Tortoise (level 21, 0/122 HPs)
             Began as a Gargoyle Artificer on Nov 4, 2015.
             Was a Priest of Okawaru.
             Incinerated by a hell hog (6 damage)
             ... with a sticky flame
             ... while paralysed by an apocalypse crab
             ... on level 2 of the Abyss on Nov 5, 2015.
             The game lasted 05:12:43 (60464 turns).

Ijustatesigmund the Tortoise (Gargoyle Artificer)  Turns: 60464, Time: 05:12:43

Health: 0/122      AC: 59    Str: 14 (16) XL:     21   Next: 19%
Magic:  29/29      EV:  2    Int:  9 (14) God:    Okawaru [***...]
Gold:   2066       SH:  0    Dex: 13 (14) Spells: 3 memorised, 20 levels left

rFire  . . .     SeeInvis .     P - +3 morningstar (protect)
rCold  . . .     Rnd*Rage +     C - +6 plate armour of Pesum {+Fly}
rNeg   + . .     SustAt   .     q - +1 shield {AC+3}
rPois  ∞         Gourm    .     F - +2 hat of the Gravedigger {rPois Str+2}
rElec  +         Spirit   .     h - +0 cloak {MR+}
rCorr  .         Warding  .     e - +1 pair of gloves
rMut   .         Stasis   .     o - +2 pair of boots of the Assassin {DetectMon Stab+ Stlth++}
MR     ++...                    X - amulet of rage
Stlth  ++........               Y - +4 ring of evasion
                                v - +5 ring of evasion

@: paralysed, exhausted, liquid flames, heroism, glowing, very resistant to
hostile enchantments, unstealthy
A: big wings, berserk 1, blurry vision 2, clumsy 1, deterioration 1, dopey 1,
frail 1, negative energy resistance 1, screaming 1, electricity resistance, weak
1, unbreathing, petrification resistance, rot immunity, subdued magic 1, AC +15
a: Fly, Heroism, Renounce Religion, Evoke Berserk Rage, Evoke Flight
}: 1/15 runes: serpentine


You were on level 2 of the Abyss.
You worshipped Okawaru.
Okawaru was most pleased with you.
You were not hungry.

You visited 6 branches of the dungeon, and saw 34 of its levels.
You visited the Abyss 1 time.
You visited 1 bazaar.
You also visited: Ice Cave.

You collected 4371 gold pieces.
You spent 2305 gold pieces at shops.

Inventory:

Hand Weapons
 l - a +9 short sword of venom
 s - the +3 hunting sling of Untimely Demise {flame, rC- Str+4 Int+4 Dex+4}
   (You found it on level 4 of the Dungeon)

   It causes projectiles fired from it to burn those they strike, causing extra
   injury to most foes and up to half again as much damage against particularly
   susceptible opponents.
   It affects your strength (+4).
   It affects your intelligence (+4).
   It affects your dexterity (+4).
   It makes you vulnerable to cold.
 K - the +5 quick blade "Rumyu" {venom, *Corrode MR+ Int+9}
   (You acquired it on level 2 of the Vaults)

   It poisons the flesh of those it strikes.
   It affects your intelligence (+9).
   It affects your resistance to hostile enchantments.
   It may corrode your equipment when you take damage.
 P - a +3 morningstar of protection (weapon)
Missiles
 d - 114 sling bullets
 j - 9 steel sling bullets
 Q - 6 poisoned tomahawks (quivered)
Armour
 e - a +1 pair of gloves (worn)
 h - a +0 cloak of magic resistance (worn)
 m - a +1 helmet
 o - the +2 pair of boots of the Assassin (worn) {DetectMon Stab+ Stlth++}
   (You acquired it on level 14 of the Dungeon)

   It makes you much more stealthy.
 q - a +1 shield of protection (worn)
 C - the +6 plate armour of Pesum (worn) {+Fly}
   (Okawaru gifted it to you on level 4 of the Lair of Beasts)

   It lets you fly.
 F - the +2 hat of the Gravedigger (worn) {rPois Str+2}
   (Okawaru gifted it to you on level 2 of the Vaults)

   It affects your strength (+2).
   It protects you from poison.
Jewellery
 b - an uncursed ring of protection from fire
 i - an uncursed ring of magical power
 p - an uncursed ring of see invisible
 r - an uncursed ring of teleportation
 v - a +5 ring of evasion (left hand)
 y - a +5 ring of protection
 z - an uncursed ring of protection from magic
 G - an uncursed ring of positive energy
 X - an amulet of rage (around neck)
 Y - a +4 ring of evasion (right hand)
Wands
 a - a wand of disintegration (8)
 c - a wand of teleportation (0)
 n - a wand of digging (11)
 t - a wand of fire (0)
 u - a wand of heal wounds (0)
 E - a wand of heal wounds (2)
 J - a wand of invisibility (2)
 M - a wand of disintegration (9)
 U - a wand of hasting (3)
 V - a wand of cold (4)
Scrolls
 w - 5 scrolls of magic mapping
 A - 2 scrolls of fear
 I - 3 scrolls of fog
 L - 3 scrolls of blinking
 N - 6 scrolls of identify
 W - 12 scrolls of remove curse
Potions
 g - 2 potions of might
 k - a potion of cancellation
 H - 2 potions of flight
 O - 8 potions of curing
 R - a potion of beneficial mutation
 S - 4 potions of brilliance
Miscellaneous
 x - a plain deck of wonders
 Z - a disc of storms
Comestibles
 f - 3 bread rations
 B - 7 meat rations


   Skills:
 - Level 15.7(20.7) Fighting
 - Level 9.5(14.5) Short Blades
 - Level 13.0(18.0) Maces & Flails
 - Level 9.2(14.5) Slings
 - Level 3.3(11.8) Throwing
 - Level 16.1(21.1) Armour
 - Level 10.0(15.0) Dodging
 - Level 12.1(17.1) Stealth
 - Level 12.3(17.3) Shields
 - Level 2.9 Spellcasting
 - Level 7.0 Charms
 - Level 6.7 Air Magic
 - Level 11.8 Invocations
 + Level 6.5 Evocations


You had 20 spell levels left.
You knew the following spells:

 Your Spells              Type           Power        Failure   Level  Hunger
a - Infusion              Chrm           #.....       13%         1    ##.....
b - Repel Missiles        Chrm/Air       #.....       24%         2    ###....
c - Swiftness             Chrm/Air       #.......     24%         2    ###....


Dungeon Overview and Level Annotations

Branches:
Dungeon (15/15)            Temple (0/1) D:6            Lair (8/8) D:8
  Swamp (1/4) Lair:6        Snake (4/4) Lair:3        Slime (0/6) Lair:8
    Orc (4/4) D:12            Elf (0/3) Orc:4        Vaults (2/5) D:14
 Depths (0/5) D:15
  Crypt: Vaults:2-3

Altars:
Dithmenos
Fedhas
Kikubaaqudgha
Nemelex Xobeh
Okawaru
Sif Muna
Trog
Xom
Beogh
Jiyva

Shops:
D:9 (   Orc:4 *=*}   Vaults:2 ?

Portals:
Trove: D:12 (give 19 scrolls of identify)

Annotations:
Snake:2 Jogrun!, Jorgrun


Innate Abilities, Weirdness & Mutations

You are resistant to torment.
Your stone body is resilient (AC +15).
You are immune to poison.
Your large and strong wings let you fly indefinitely.
You resist negative energy.
You are resistant to electric shocks.
You can survive without breathing.
You are immune to petrification.
You are immune to rotting.
Scrolls take you longer to read.
Your body sometimes deteriorates upon taking damage.
You are dopey. (Int -2)
You are frail (-10% HP).
You occasionally shout uncontrollably at your foes.
You are weak. (Str -2)
Your spells are a little easier to cast, but a little less powerful.
[You tend to lose your temper in combat.]
[You are clumsy. (Dex -2)]


Message History

The apocalypse crab claws you but does no damage.
The hell hog bites you but does no damage.
You are covered in liquid flames!
* * * LOW HITPOINT WARNING * * *
The thrashing horror roars!
You hear a bark!
The hell hog bites you.
* * * LOW HITPOINT WARNING * * *
The hell hog bites you but does no damage. x2
The small abomination hits you but does no damage.
You are covered in liquid flames!
* * * LOW HITPOINT WARNING * * *
The hell hog bites you but does no damage. x2
The hell hog sprays you with burning goo.
The sticky flame hits you!
You are covered in liquid flames!
* * * LOW HITPOINT WARNING * * *
The hell hog bites you.
* * * LOW HITPOINT WARNING * * *
You are covered in liquid flames!
You die...

. .. ..#
#.......#
#......# .
#......#
.#.
#.....$# .
. #.....!##
. .
###.hX....#
... ..
#hxh...## #
#{#@ht...#
† ####....#
#. ...... .
.... . #..
. ##.#. ...
# #. . ###
... # . #.#
#. ...#...#
# #. # # #
. .. . .
.#. .#


You could see 3 hell hogs, an apocalypse crab, a thrashing horror, a raiju and a
small abomination.

Vanquished Creatures
  An ancient lich (Abyss:1)
  2 bone dragons (Abyss:1)
  A lich (Abyss:1)
  7 tentacled starspawn (Abyss:1)
  Agnes (Snake:2)
  Kirke (D:14)
  12 greater nagas
  Wiglaf (Snake:4)
  Maud (Lair:8)
  Aizul (Snake:2)
  3 vault wardens
  2 draconian scorchers (Abyss:1)
  11 ironheart preservers
  A war gargoyle (Vaults:2)
  A very ugly thing (Abyss:1)
  3 stone giants (Vaults:2)
  Nessos (D:13)
  A lorocyproca (Abyss:1)
  A salamander stormcaller (Vaults:2)
  A mottled draconian (Abyss:1)
  A quicksilver dragon zombie (Abyss:1)
  2 ettins
  A fire dragon (Lair:8)
  A great orb of eyes (shapeshifter) (Vaults:2)
  3 vault guards (Vaults:1)
  2 great orbs of eyes
  8 ogre magi
  11 hydras
  28 naga warriors
  2 yaktaur captains
  4 rakshasas
  An alligator (Swamp:1)
  5 deep troll shamans
  7 anacondas
  3 orc high priests (Orc:4)
  5 deep troll earth magi
  6 centaur warriors
  6 death yaks
  2 tengu warriors (D:14)
  A deep elf knight (Vaults:2)
  8 shock serpents
  14 naga sharpshooters
  Urug (Lair:1)
  4 thrashing horrors
  Nergalle (Lair:2)
  2 fire crabs (Vaults:1)
  16 deep trolls
  3 hell hogs
  3 wretched stars (Abyss:1)
  An iron troll (D:14)
  3 salamander mystics (Snake:4)
  3 ice devils
  A shadow wraith (D:14)
  3 spatial maelstroms (Abyss:1)
  5 skeletal warriors (Vaults:1)
  An anaconda zombie (Abyss:2)
  An anaconda skeleton (Abyss:1)
  3 giant orange brains
  Pikel (D:7)
  4 hill giants
  6 naga ritualists
  13 ironbrand convokers
  3 necromancers
  7 mana vipers
  A wizard (Vaults:1)
  3 wolf spiders
  An orb spider (shapeshifter) (Abyss:2)
  10 large abominations (Abyss:1)
  5 hornets
  4 cyclopes
  An oklob plant (Lair:6)
  A griffon (Lair:7)
  21 ugly things
  8 salamanders
  2 worldbinders
  11 orc knights
  A manticore (D:15)
  A stone giant zombie (Vaults:1)
  5 orc sorcerers
  35 black mambas
  4 sixfirhies (Abyss:1)
  7 vault sentinels
  An octopode (shapeshifter) (D:14)
  Maurice (Orc:2)
  9 elephants
  An eye of devastation (shapeshifter) (Vaults:2)
  2 ice statues (IceCv)
  A torpor snail (Lair:7)
  An orange demon (Abyss:2)
  Psyche (D:8)
  10 guardian serpents
  21 spiny frogs
  A human zombie (Vaults:1)
  3 kobold demonologists (Vaults:2)
  8 smoke demons
  22 naga magi
  A centaur skeleton (D:15)
  A hellwing (Abyss:1)
  The ghost of Hanyuu the Insei, a novice OpTm of Makhleb (D:5)
  10 komodo dragons
  22 yaktaurs
  A deep elf priest (Vaults:1)
  A human skeleton (Vaults:1)
  4 fire drakes
  2 efreet
  10 ancient zymes
  14 trolls
  13 two-headed ogres
  3 spriggan druids
  A queen bee (D:14)
  An anaconda simulacrum (Abyss:1)
  3 blue devils (IceCv)
  Prince Ribbit (Lair:1)
  2 polar bears
  11 raiju (Abyss:1)
  24 blink frogs
  3 freezing wraiths
  2 fire giant simulacra
  A hornet zombie (Vaults:1)
  4 deep elf magi
  13 slime creatures
  2 boulder beetles (Vaults:2)
  A flying skull (Abyss:1)
  12 spriggans (Lair:7)
  A redback (Vaults:1)
  3 fire bats (Abyss:1)
  2 hogs
  A human (D:7)
  8 wraiths
  2 shadows
  6 golden eyes (Abyss:1)
  56 yaks
  4 neqoxecs (Abyss:1)
  5 ynoxinuls
  5 basilisks
  A steam dragon (shapeshifter) (Vaults:2)
  3 mottled dragons
  4 hungry ghosts
  A spatial vortex (Abyss:1)
  7 wyverns
  An elf skeleton (Vaults:1)
  3 deep elf fighters (Vaults:1)
  A warg (Vaults:1)
  A steam dragon (Lair:8)
  10 hippogriffs
  4 vampire mosquitoes
  A naga (shapeshifter) (D:14)
  2 insubstantial wisps (Abyss:1)
  17 wolves
  100 nagas
  A soldier ant (D:13)
  2 swamp worms (Swamp:1)
  3 chaos spawn (Abyss:1)
  12 porcupines
  26 water moccasins
  Duvessa (D:4)
  3 swamp drakes (Lair:8)
  3 ice beasts
  4 black bears
  A fire dragon simulacrum (Abyss:1)
  3 sky beasts
  41 orc warriors
  6 centaurs
  2 necrophages
  5 phantoms
  4 spiders (Lair:8)
  3 eyes of draining (Abyss:1)
  3 wasps (Lair:7)
  An eye of draining (shapeshifter) (Vaults:2)
  28 ogres
  24 crocodiles
  7 big kobolds
  2 gnoll sergeants
  Dowan (D:4)
  4 scorpions
  22 giant frogs
  An orc simulacrum (Vaults:2)
  27 killer bees
  4 electric eels
  11 wights
  10 crimson imps
  5 quasits
  8 starcursed masses (Abyss:1)
  8 centaur zombies
  4 draconian simulacra (IceCv)
  6 jellies
  5 giant frog skeletons
  11 hounds
  39 orc wizards
  37 orc priests
  A giant frog zombie (D:6)
  10 iguanas
  3 iron imps
  16 worker ants
  A troll simulacrum (IceCv)
  22 sheep
  16 small abominations
  2 centaur simulacra
  A hound skeleton (D:9)
  7 gnolls
  2 naga simulacra (IceCv)
  2 ogre simulacra (IceCv)
  21 adders
  67 river rats
  A shadow imp (D:9)
  5 white imps
  2 ufetubi
  3 worms (D:2)
  An adder skeleton (D:4)
  3 giant geckos
  220 orcs
  4 ball pythons
  8 giant cockroaches
  13 goblins
  11 hobgoblins
  5 jackals
  12 bats
  6 giant newts
  28 kobolds
  3 quokkas
  12 rats
  3 rat zombies (D:4)
  A fire vortex (Abyss:1)
  3 plants (Lair:8)
  19 starspawn tentacles (Abyss:1)
1797 creatures vanquished.

Vanquished Creatures (collateral kills)
  2 orcs
2 creatures vanquished.

Vanquished Creatures (others)
  A vault sentinel (Vaults:2)
  A redback zombie (D:14)
  2 humans (D:14)
  A ynoxinul (Abyss:1)
  A yak (Lair:8)
  2 vampire mosquitoes (Vaults:2)
  A slave (D:7)
  A phantom (D:4)
  A big kobold (Vaults:2)
  An orc wizard (D:12)
  An orc priest (Orc:4)
  A sheep (D:7)
  2 orcs
  2 bushes (D:8)
  2 fire vortices (Abyss:1)
  41 fungi
  2 lurking horrors (Abyss:1)
  63 plants
  47 starspawn tentacles (Abyss:1)
  934 starspawn tentacle segments (Abyss:1)
1107 creatures vanquished.

Grand Total: 2906 creatures vanquished

Notes
Turn   | Place    | Note
--------------------------------------------------------------
     0 | D:1      | Ijustatesigmund the Gargoyle Artificer began the quest for the Orb.
     0 | D:1      | Reached XP level 1. HP: 12/12 MP: 2/2
   168 | D:1      | Reached skill level 1 in Armour
   168 | D:1      | Reached XP level 2. HP: 6/16 MP: 4/4
   645 | D:1      | Reached skill level 1 in Short Blades
   862 | D:2      | Reached XP level 3. HP: 21/21 MP: 5/5
  1164 | D:2      | Reached XP level 4. HP: 21/26 MP: 6/6
  1232 | D:2      | Found a faded altar to an unknown god.
  1788 | D:2      | Found a shadowy altar of Dithmenos.
  2039 | D:3      | Reached XP level 5. HP: 22/31 MP: 7/7
  2415 | D:3      | Reached skill level 3 in Stealth
  2649 | D:4      | Noticed Duvessa
  2650 | D:4      | Noticed Dowan
  2736 | D:3      | Reached XP level 6. HP: 37/37 MP: 8/8
  3072 | D:4      | Found a sparkling altar of Nemelex Xobeh.
  3072 | D:4      | Found an iron altar of Okawaru.
  3132 | D:4      | Became a worshipper of Warmaster Okawaru
  3373 | D:4      | Found a sparkling altar of Nemelex Xobeh.
  3409 | D:4      | Killed Duvessa
  3409 | D:4      | Reached * piety under Okawaru
  3409 | D:4      | Reached skill level 4 in Fighting
  3409 | D:4      | Reached XP level 7. HP: 35/43 MP: 9/9
  3458 | D:4      | Killed Dowan
  3645 | D:4      | Got a crude hunting sling
  3788 | D:4      | Found an ancient bone altar of Kikubaaqudgha.
  4163 | D:5      | Entered Level 5 of the Dungeon
  4168 | D:5      | Noticed Hanyuu's ghost (novice OpTm)
  4287 | D:5      | Killed Hanyuu's ghost
  4287 | D:5      | Reached ** piety under Okawaru
  4287 | D:5      | Reached XP level 8. HP: 48/48 MP: 10/10
  4434 | D:5      | Got a bloodstained leather armour
  4747 | D:5      | Reached skill level 5 in Short Blades
  4907 | D:5      | Found a sparkling altar of Nemelex Xobeh.
  4929 | D:5      | Found a shimmering altar of Xom.
  5211 | D:6      | Found a staircase to the Ecumenical Temple.
  5228 | D:6      | Reached skill level 5 in Fighting
  5239 | D:6      | Reached skill level 1 in Invocations
  5371 | D:6      | Reached *** piety under Okawaru
  5434 | D:6      | Reached skill level 6 in Fighting
  5439 | D:6      | Reached XP level 9. HP: 55/55 MP: 11/11
  6169 | D:7      | Found a deep blue altar of Sif Muna.
  6286 | D:7      | Identified the +3 hunting sling of Untimely Demise {flame, rC- Str+4 Int+4 Dex+4} (You found it on level 4 of the Dungeon)
  6298 | D:7      | Identified the +2 leather armour "Betumax" {Stlth+} (You found it on level 5 of the Dungeon)
  6381 | D:7      | Noticed Pikel
  6400 | D:7      | Killed Pikel
  6400 | D:7      | Reached **** piety under Okawaru
  6400 | D:7      | Reached skill level 7 in Fighting
  6400 | D:7      | Reached skill level 5 in Invocations
  6610 | D:7      | Identified Sif Muna's Almanac of Augmentations
  6765 | D:8      | Found a bloodstained altar of Trog.
  6778 | D:8      | Reached XP level 10. HP: 64/64 MP: 14/14
  6817 | D:8      | Found a staircase to the Lair.
  7021 | D:8      | Reached skill level 5 in Dodging
  7027 | D:8      | Reached ***** piety under Okawaru
  7122 | D:8      | Noticed Psyche
  7133 | D:8      | Killed Psyche
  7720 | D:9      | Received a gift from Okawaru
  7871 | D:9      | Found a blossoming altar of Fedhas.
  8089 | D:9      | Reached skill level 8 in Dodging
  8300 | D:9      | Found Vibaleh's Antique Weapon Emporium.
  8327 | D:9      | Reached XP level 11. HP: 49/68 MP: 15/15
  8927 | D:10     | Entered Level 10 of the Dungeon
  9188 | D:10     | Reached skill level 9 in Dodging
  9397 | D:10     | HP: 3/68 [cyclops/large rock (36)]
 10355 | D:11     | Noticed a five-headed hydra
 10662 | D:12     | Found a shadowy altar of Dithmenos.
 10832 | D:12     | Noticed a four-headed hydra
 10873 | D:12     | Noticed a centaur warrior
 10895 | D:12     | Killed a centaur warrior
 10895 | D:12     | Received a gift from Okawaru
 10895 | D:12     | Reached skill level 10 in Invocations
 11213 | D:12     | Reached skill level 1 in Shields
 11576 | D:12     | Reached XP level 12. HP: 46/73 MP: 19/19
 11753 | D:12     | Reached skill level 5 in Shields
 11761 | D:12     | Found a staircase to the Orcish Mines.
 11888 | Orc:1    | Entered Level 1 of the Orcish Mines
 11953 | Orc:1    | Reached skill level 1 in Maces & Flails
 12379 | Orc:2    | Noticed Maurice
 12409 | Orc:2    | Killed Maurice
 12929 | Orc:2    | Found a roughly hewn altar of Beogh.
 14290 | Orc:3    | Found a shimmering altar of Xom.
 14871 | Orc:4    | Entered Level 4 of the Orcish Mines
 15021 | Orc:4    | Found a staircase to the Elven Halls.
 15783 | Orc:4    | Noticed an orc high priest
 16200 | Orc:4    | Killed an orc high priest
 16355 | Orc:3    | Reached skill level 5 in Maces & Flails
 16913 | Orc:4    | Paralysed by an orc sorcerer for 6 turns
 17221 | Orc:4    | Noticed an orc high priest
 17221 | Orc:4    | Noticed an orc high priest
 17473 | Orc:4    | Killed an orc high priest
 17473 | Orc:4    | Reached XP level 13. HP: 63/79 MP: 21/21
 17578 | Orc:4    | Received a gift from Okawaru
 17683 | Orc:4    | Gained mutation: You are frail (-10% HP). [a neqoxec]
 17693 | Orc:4    | Gained mutation: Your magical capacity is low (-10% MP). [a neqoxec]
 17769 | Orc:4    | Found Pymu's Assorted Antiques.
 17769 | Orc:4    | Found Emor's Jewellery Boutique.
 17771 | Orc:4    | Found Maacoonu's Gadget Boutique.
 17771 | Orc:4    | Found Edynnal's Assorted Antiques.
 17784 | Orc:4    | Bought a potion of curing for 81 gold pieces
 17784 | Orc:4    | Bought a bubbling amethyst potion for 24 gold pieces
 17784 | Orc:4    | Bought a scroll of teleportation for 81 gold pieces
 17883 | Orc:4    | Bought a sharpened ivory wand for 132 gold pieces
 17883 | Orc:4    | Bought a runed scale mail for 132 gold pieces
 17883 | Orc:4    | Bought a scroll of identify for 66 gold pieces
 17886 | Orc:4    | Bought an uncursed amulet of rage for 560 gold pieces
 17886 | Orc:4    | Bought a +4 ring of evasion for 504 gold pieces
 17888 | Orc:4    | Bought a disc of storms for 320 gold pieces
 17897 | Orc:4    | Bought a scroll of remove curse for 81 gold pieces
 17946 | Orc:4    | Noticed an orc warlord
 18065 | Orc:3    | Reached skill level 5 in Armour
 18851 | D:12     | Found a portal to a secret trove of treasure.
 19586 | D:13     | Noticed Nessos
 19590 | D:13     | Killed Nessos
 19647 | D:13     | Received a gift from Okawaru
 20043 | D:14     | Reached skill level 5 in Evocations
 20092 | D:14     | Found a flickering gateway to a bazaar.
 20107 | Bazaar   | Entered a bazaar
 20115 | Bazaar   | Found Kenirir's Antique Armour Shop.
 20126 | Bazaar   | Found Muki's Jewellery Shop.
 20164 | Bazaar   | Bought an ichor-stained leather armour for 182 gold pieces
 20164 | Bazaar   | Identified the +2 leather armour "Fesuill Riapp" {rC++ MR+ rCorr Dex-2} (You bought it in a shop in a bazaar)
 20300 | D:14     | Got a faintly glowing ring mail
 20389 | D:14     | Identified the +4 ring mail of Cheibriados's Esteem {rF+ Stlth+} (You found it on level 14 of the Dungeon)
 20659 | D:14     | Received a gift from Okawaru
 20873 | D:15     | Entered Level 15 of the Dungeon
 21139 | Lair:1   | Entered Level 1 of the Lair of Beasts
 21736 | Lair:1   | Noticed Prince Ribbit
 21763 | Lair:1   | Killed Prince Ribbit
 21960 | Lair:1   | Noticed Urug
 21989 | Lair:1   | Killed Urug
 22439 | Lair:2   | Noticed Nergalle
 22472 | Lair:2   | Killed Nergalle
 22472 | Lair:2   | Received a gift from Okawaru
 22472 | Lair:2   | Reached skill level 10 in Fighting
 22999 | Lair:2   | Gained mutation: Your large and strong wings let you fly indefinitely. [Gargoyle growth]
 22999 | Lair:2   | Reached XP level 14. HP: 79/79 MP: 19/19
 23349 | Lair:2   | Reached skill level 11 in Fighting
 23846 | Lair:3   | Received a gift from Okawaru
 24299 | Lair:3   | Reached skill level 12 in Fighting
 24482 | Lair:3   | Upgraded the game from 0.18-a0-29-gce27f3c to 0.18-a0-33-g9e10395
 24547 | Lair:3   | Found a staircase to the Snake Pit.
 25028 | Lair:4   | Found a frozen archway.
 25037 | IceCv    | Entered an ice cave
 25808 | Lair:4   | Reached skill level 10 in Armour
 26212 | Lair:1   | Learned a level 1 spell: Infusion
 26346 | Lair:4   | Reached skill level 1 in Charms
 26684 | Lair:4   | Received a gift from Okawaru
 26697 | Lair:4   | Got an amber-studded plate armour {god gift}
 26879 | Lair:3   | Identified the +6 plate armour of Pesum {+Fly} (Okawaru gifted it to you on level 4 of the Lair of Beasts)
 28483 | Lair:6   | Found a staircase to the Swamp.
 28544 | Lair:6   | Reached XP level 15. HP: 79/87 MP: 20/20
 28549 | Swamp:1  | Entered Level 1 of the Swamp
 29767 | Lair:7   | Reached skill level 13 in Armour
 30261 | Lair:7   | Received a gift from Okawaru
 30609 | Lair:8   | Entered Level 8 of the Lair of Beasts
 30721 | Lair:8   | Reached skill level 14 in Armour
 31860 | Lair:8   | Noticed Maud
 31877 | Lair:8   | Killed Maud
 32115 | Lair:8   | Received a gift from Okawaru
 32409 | Lair:8   | Reached skill level 15 in Armour
 32467 | Lair:8   | Found a viscous altar of Jiyva.
 32468 | Lair:8   | Found a staircase to the Slime Pits.
 32530 | Lair:8   | Reached XP level 16. HP: 81/94 MP: 21/21
 32879 | Lair:8   | Received a gift from Okawaru
 33543 | Snake:1  | Entered Level 1 of the Snake Pit
 35020 | Snake:1  | Reached skill level 1 in Slings
 35655 | Snake:1  | Learned a level 2 spell: Repel Missiles
 35658 | Snake:1  | Learned a level 2 spell: Swiftness
 35678 | Snake:1  | Received a gift from Okawaru
 35910 | Snake:2  | Reached skill level 1 in Air Magic
 36487 | Snake:2  | Noticed Aizul
 36528 | Snake:2  | Killed Aizul
 36694 | Snake:2  | Noticed Agnes
 36718 | Snake:2  | Killed Agnes
 36718 | Snake:2  | Reached skill level 5 in Slings
 36752 | Snake:2  | Reached ****** piety under Okawaru
 36752 | Snake:2  | Received a gift from Okawaru
 36928 | Snake:2  | Noticed Jorgrun
 38019 | Snake:4  | Entered Level 4 of the Snake Pit
 38454 | Snake:4  | Reached XP level 17. HP: 87/100 MP: 22/22
 38477 | Snake:4  | Received a gift from Okawaru
 38543 | Snake:4  | Received a gift from Okawaru
 38892 | Snake:4  | Received a gift from Okawaru
 39545 | Snake:4  | Found a blossoming altar of Fedhas.
 39730 | Snake:4  | Received a gift from Okawaru
 40403 | Snake:4  | Received a gift from Okawaru
 40835 | Snake:4  | Received a gift from Okawaru
 41441 | Snake:4  | Reached skill level 10 in Dodging
 41450 | Snake:4  | Received a gift from Okawaru
 42174 | Snake:4  | Reached skill level 10 in Shields
 42324 | Snake:4  | Reached XP level 18. HP: 87/105 MP: 15/23
 42391 | Snake:4  | Noticed Wiglaf
 42406 | Snake:4  | Received a gift from Okawaru
 42452 | Snake:4  | Killed Wiglaf
 42868 | Snake:4  | Received a gift from Okawaru
 43031 | Snake:4  | Reached skill level 15 in Fighting
 43382 | Snake:4  | Got a serpentine rune of Zot
 45050 | D:14     | Noticed Kirke
 45073 | D:14     | Killed Kirke
 45255 | D:14     | Found a gate to the Vaults.
 45275 | D:14     | Identified a scroll of acquirement
 45386 | D:15     | Reached skill level 5 in Stealth
 45959 | D:15     | Received a gift from Okawaru
 46052 | D:15     | Found a staircase to the Depths.
 46362 | Vaults:1 | Entered Level 1 of the Vaults
 47213 | Vaults:1 | Received a gift from Okawaru
 47233 | Vaults:1 | Got a diamond-encrusted chain mail {god gift}
 47239 | Vaults:1 | Identified the +1 chain mail of Forking Paths {rN++ Int+2} (Okawaru gifted it to you on level 1 of the Vaults)
 47331 | Vaults:1 | Reached skill level 10 in Stealth
 47467 | Vaults:1 | Reached XP level 19. HP: 70/111 MP: 24/24
 48513 | Vaults:1 | Reached skill level 16 in Armour
 51222 | Vaults:2 | Found Utoussuc's Magic Scroll Boutique.
 51253 | Vaults:2 | Reached skill level 10 in Maces & Flails
 51254 | Vaults:2 | Received a gift from Okawaru
 51263 | Vaults:2 | Bought a scroll of blinking for 142 gold pieces
 51652 | Lair:1   | Lost mutation: Your magical capacity is low (-10% MP). [potion of cure mutation]
 51652 | Lair:1   | Lost mutation: You are frail (-10% HP). [potion of cure mutation]
 52564 | Vaults:2 | Got an ichor-stained quick blade
 52565 | Vaults:2 | Identified the +5 quick blade "Rumyu" {venom, *Corrode MR+ Int+9} (You acquired it on level 2 of the Vaults)
 53028 | Vaults:2 | Received a gift from Okawaru
 53251 | Vaults:2 | Got a faintly humming plate armour
 53262 | Vaults:2 | Identified the cursed +0 plate armour "Secusat" {rCorr Str+3} (You found it on level 2 of the Vaults)
 53500 | Vaults:2 | Received a gift from Okawaru
 53759 | Vaults:2 | Reached XP level 20. HP: 98/131 MP: 22/28
 54457 | Vaults:2 | Received a gift from Okawaru
 54461 | Vaults:2 | Got a jewelled hat {god gift}
 54472 | Vaults:2 | Identified the +2 hat of the Gravedigger {rPois Str+2} (Okawaru gifted it to you on level 2 of the Vaults)
 54733 | Vaults:2 | Cast into the Abyss (a deep elf demonologist)
 55595 | Abyss:1  | Found a corrupted altar of Lugonu.
 55933 | Abyss:1  | Reached skill level 5 in Air Magic
 56180 | Abyss:1  | Gained mutation: Your spells are easier to cast, but less powerful. [a neqoxec]
 56181 | Abyss:1  | Gained mutation: Scrolls take you much longer to read. [a neqoxec]
 56184 | Abyss:1  | Gained mutation: You are dopey. (Int -2) [a neqoxec]
 56274 | Abyss:1  | Noticed a profane servitor
 56319 | Abyss:1  | Reached skill level 5 in Charms
 56743 | Abyss:1  | Found a corrupted altar of Lugonu.
 57040 | Abyss:1  | Noticed an ancient lich
 57076 | Abyss:1  | Killed an ancient lich
 57185 | Abyss:1  | Noticed a bone dragon
 57590 | Abyss:1  | Noticed a bone dragon
 57652 | Abyss:1  | Killed a bone dragon
 57652 | Abyss:1  | Reached skill level 1 in Spellcasting
 57786 | Abyss:1  | Noticed a bone dragon
 57838 | Abyss:1  | Killed a bone dragon
 58135 | Abyss:1  | Gained mutation: Scrolls take you longer to read. [a neqoxec]
 58142 | Abyss:1  | Gained mutation: Your body sometimes deteriorates upon taking damage. [a neqoxec]
 58145 | Abyss:1  | Gained mutation: You occasionally shout uncontrollably at your foes. [a neqoxec]
 58907 | Abyss:1  | Found a stormy altar of Qazlal.
 58977 | Abyss:1  | Paralysed by accursed screaming for 1 turns
 59008 | Abyss:1  | Reached XP level 21. HP: 59/136 MP: 29/29
 59169 | Abyss:1  | Gained mutation: You are very frail (-20% HP). [a neqoxec]
 59177 | Abyss:1  | Gained mutation: You are very weak. (Str -4) [a neqoxec]
 59179 | Abyss:1  | Found a corrupted altar of Lugonu.
 59231 | Abyss:1  | Received a gift from Okawaru
 59253 | Abyss:1  | Found a radiant altar of Vehumet.
 60460 | Abyss:2  | Paralysed by an apocalypse crab for 7 turns
 60463 | Abyss:2  | HP: 6/122 [hell hog (1)]
 60464 | Abyss:2  | Incinerated by a hell hog

Vault maps used:
D:1:      evilmike_arrival_plus, st_stairs_14, grunt_decor_arrowhead,
          item_on_display_b
D:2:      ecumenical_altar_1, grunt_dithmenos_smoke
D:3:      first_bread, minmay_quantized
D:4:      lemuel_zombie_altar_kikubaaqudgha, amethyst_overflow_temple_binary,
          serial_co_window_serial, co_window_of_opportunity_a,
          co_window_paths_b, co_window_of_opportunity_a,
          co_window_of_opportunity_a, co_window_paths_a,
          co_window_of_opportunity_c, co_window_corner_cb, co_window_cross_4,
          co_window_corner_b, co_window_4corner_b, co_window_paths_e,
          glass_columns_a, glass_columns_c, glass_columns_a, nemelex_deck,
          uniq_duvessa
D:5:      kennysheep_little_box, nemelex_diamond_rough_becter
D:6:      minmay_temple_entry_junction2
D:7:      led_sif_book, grunt_livestock, uniq_pikel
D:8:      bloody_trog, minmay_lair_entry_grove, uniq_psyche
D:9:      boulder_indie, overflow_temple_1_default, serial_shops,
          nicolae_shop_behind_doors
D:10:     minmay_ornate_pinched
D:12:     hiddenorc1_lemuel, nicolae_trove_entry_crossroad, basic_altar
D:13:     uniq_nessos
D:14:     cheibrodos_stairvault_heist, david_vaults_4, special_room,
          serial_shops, bzr_entry_road, wad_floor_pattern_untrapped, uniq_kirke
D:15:     grunt_enter_depths_snipers, roderic_lattice_octagonal_star
Lair:1:   uniq_prince_ribbit2, uniq_urug
Lair:2:   minmay_holes, uniq_nergalle
Lair:3:   guppyfry_snake_entry_island, st_stairs_5
Lair:4:   portal_ice_cave_entry_pillars_02, lemuel_old_faithful,
          lemuel_fruit_tree, infiniplex_staircase_pool_2, serial_bayou_shore_a
Lair:6:   swamp_mist, serial_bayou_shore_b
Lair:7:   forest_paths, patterned_corridor
Lair:8:   hangedman_lair_tendril_chambers, guppyfry_lair_end_dragon,
          slime_altar_1, serial_bayou, serial_bayou_lagoon_a,
          serial_bayou_crossing, serial_bayou_pond_c, serial_bayou_ford_a,
          uniq_maud
Swamp:1:  evilmike_swamp_ruin_house_2, uniq_josephine, uniq_louise, uniq_nikola
Snake:1:  spider_trap
Snake:2:  uniq_jorgrun, uniq_agnes, uniq_aizul
Snake:3:  hangedman_snake_corridor_cut
Snake:4:  grunt_snake_rune_spirals, basic_altar, spider_trap, uniq_wiglaf
Orc:2:    nicolae_orc_rockfall, david_defended_altar_orc, uniq_maurice
Orc:3:    basic_altar, enter_bailey_3, nicolae_orc_pool_cavern,
          small_statue_alley_c
Orc:4:    grunt_orc_tribal_feast
Vaults:1: nicolae_vaults_little_squares_6, st_more_cells, v_misc_11,
          v_pattern_1, vaults_room_boxed, hangedman_vaults_snaps,
          vaults_room_corners, nicolae_vaults_yaktaur_gun_rack
Vaults:2: v_misc_8, vaults_mumra_lcd, hangedman_vaults_stitches, v_misc_8,
          nicolae_vaults_little_squares_5, v_misc_3, vaults_dpeg_diagonal,
          nicolae_vaults_windows_and_doors_thing, vaults_room_fours,
          st_quartered_hall, nicolae_vaults_big_ls, vaults_room_fours,
          serial_shops, nicolae_shop_waterfront
Abyss:1:  guppyfry_abyss_exit_imp_island
Bazaar:   bazaar_jpeg_cross
IceCv:    ice_cave_tombish

Action                   |  1- 3 |  4- 6 |  7- 9 | 10-12 | 13-15 | 16-18 | 19-21 || total
-------------------------+-------+-------+-------+-------+-------+-------+-------++-------
Melee: Short sword       |    95 |   146 |   263 |  1912 |  2935 |  3507 |   300 ||  9158
       Flail             |       |       |       |       |    88 |       |       ||    88
       Demon whip        |       |       |       |       |       |    16 |       ||    16
       Morningstar       |       |       |       |       |       |       |  2857 ||  2857
 Fire: Blowgun           |       |    13 |    10 |    25 |       |       |       ||    48
       Hunting sling     |       |       |       |       |       |   345 |       ||   345
Throw: Tomahawk          |       |       |       |       |    48 |    43 |    17 ||   108
 Cast: Repel Missiles    |       |       |       |       |       |       |     3 ||     3
Invok: Heroism           |       |       |     1 |    22 |    26 |    30 |    36 ||   115
       Finesse           |       |       |       |     2 |       |     4 |     4 ||    10
 Abil: Evoke Berserk Rag |       |       |       |       |     9 |    10 |     5 ||    24
       Fly               |       |       |       |       |     2 |     2 |     1 ||     5
       Stop Flying       |       |       |       |       |     2 |     2 |     1 ||     5
Evoke: Wand              |    10 |     2 |     7 |     4 |     6 |     6 |    34 ||    69
  Use: Scroll            |     5 |     4 |     7 |    13 |    28 |     8 |    18 ||    83
       Potion            |       |       |     5 |     4 |     3 |     3 |    15 ||    30
 Stab: Sleeping          |     2 |     5 |     6 |    14 |    25 |     1 |     6 ||    59
       Distracted        |       |     1 |     1 |     7 |     2 |       |     5 ||    16
  Eat: Chunk             |     1 |     6 |       |    51 |    22 |    15 |     8 ||   103
       Fruit             |       |     1 |     4 |       |     9 |     5 |       ||    19
       Meat ration       |       |       |     2 |       |       |       |     3 ||     5
       Bread ration      |       |       |       |     1 |       |     8 |     4 ||    13
       Beef jerky        |       |       |       |       |     6 |     1 |     2 ||     9
       Royal jelly       |       |       |       |       |     2 |     3 |    11 ||    16
       Pizza             |       |       |       |       |     9 |       |     1 ||    10
